 Dungeon Crawl Stone Soup version 0.32-a0-931-g5a2cda0630 (webtiles) character file.

Game seed: 13998110858416149215

513 runemasterragnar the Digger (level 7, -3/45 HPs)
             Began as an Octopode Earth Elementalist on Apr 13, 2024.
             Was a Follower of Vehumet.
             Slain by an ice beast (4 damage)
             ... on level 5 of the Dungeon.
             The game lasted 00:08:47 (4541 turns).

runemasterragnar the Digger (OpEE)                  Turns: 4541, Time: 00:08:48

Health: -3/45      AC:  2    Str: 13    XL:     7   Next: 19%
Magic:  0/11       EV: 12    Int: 20    God:    Vehumet [*.....]
Gold:   144        SH:  0    Dex: 12    Spells: 4/12 levels left

rFire   . . .        e - +4 hand axe (heavy)
rCold   . . .        (no shield)
rNeg    . . .        l - +1 hat
rPois   .            (no amulet)
rElec   .            k - +6 ring of strength
rCorr   .            (no ring)
SInv    .            (no ring)
Will    .....        (no ring)
Stlth   ++++         (no ring)
HPRegen 0.27/turn    (no ring)
MPRegen 0.12/turn    (no ring)
                     (no ring)

%: no passive effects
@: very slightly contaminated
A: almost no armour, amphibious, 8 rings, camouflage 1, gelatinous body 1,
(nimble swimmer 1), tentacles
a: Renounce Religion


You were on level 5 of the Dungeon.
You worshipped Vehumet.
Vehumet was aware of your devotion.
You visited 1 branch of the dungeon, and saw 6 of its levels.

You collected 144 gold pieces.

Inventory:

Hand Weapons
 e - a +4 heavy hand axe (weapon)
Armour
 l - a +1 hat (worn)
Jewellery
 c - an amulet of magic regeneration
 k - a +6 ring of strength (left tentacle)
Scrolls
 h - a scroll of fear
 m - 2 scrolls of revelation
Potions
 a - a potion of magic
 b - 2 potions of ambrosia
 f - a potion of berserk rage {unknown}
 g - a potion of curing
 i - a potion of attraction
 j - a potion of degeneration {unknown}
 n - a potion of might {unknown}


   Skills:
 + Level 2.3 Fighting
 + Level 3.2 Dodging
 + Level 4.3 Stealth
 + Level 3.0 Spellcasting
 * Level 3.6 Conjurations
 * Level 4.7 Earth Magic


You had 4 spell levels left.
You knew the following spells:

 Your Spells              Type           Power      Damage    Failure   Level
a - Sandblast             Erth           44%        2d11      1%          1
b - Stone Arrow           Conj/Erth      38%        3d9       8%          3
c - Brom's Barrelling Bo  Conj/Erth      19%        2d4       26%         4

Your spell library contained the following spells:

 Spells                   Type           Power      Damage    Failure   Level
 Foxfire                  Conj/Fire      40%        2x1d6     7%          1
 Passwall                 Erth           22%        N/A       6%          3
 Scorch                   Fire           6%         2d5       22%         2
 Petrify                  Alch/Erth      12%        N/A       47%         4
 Flame Wave               Conj/Fire      10%        2d6       56%         4
 Summon Cactus Giant      Summ           1%         N/A       100%        6


Dungeon Overview and Level Annotations

Branches:
Dungeon (6/15)             Temple (0/1) D:4

Altars:
Elyvilon
Gozag
Ru
Vehumet
Wu Jian
Xom
Zin

Annotations:
D:3 2 transporters, JeszeEnbee's ghost, amateur MfAl


Innate Abilities, Weirdness & Mutations

You cannot wear most types of armour.
You are amphibious.
You can wear up to eight rings at the same time.
Your skin changes colour to match your surroundings (Stealth+).
Your rubbery body absorbs attacks. (AC +1, EV +1)
((You are camouflaged when in or above water. (Stealth+)))
You have tentacles for arms and can constrict up to eight enemies at once.


Message History

Unknown command.
Casting: Stone Arrow (dangerous; 8% risk of failure)
Confirm with . or Enter, or press ? or * to list all spells.
Aiming: Stone Arrow (dangerous; 8% risk of failure)
Press: ? - help, Shift-Dir - straight line, f/p - ice beast
Aim: an ice beast (heavily wounded, 68% to hit)
The stone arrow misses the ice beast.
The ice beast hits you. The ice beast freezes you.
Unknown command.
Casting: Stone Arrow (dangerous; 8% risk of failure)
Confirm with . or Enter, or press ? or * to list all spells.
Aiming: Stone Arrow (dangerous; 8% risk of failure)
Press: ? - help, Shift-Dir - straight line, f/p - ice beast
Aim: an ice beast (heavily wounded, 68% to hit)
The stone arrow hits the ice beast!
The ice beast is almost dead.
The ice beast barely misses you.
Unknown command.
Unknown command.
Casting: Stone Arrow (dangerous; 8% risk of failure)
Confirm with . or Enter, or press ? or * to list all spells.
Aiming: Sandblast (safe; 1% risk of failure)
Press: ? - help, Shift-Dir - straight line, f/p - ice beast
Aim: an ice beast (almost dead, 83% to hit)
You miscast Sandblast.
You are very lightly contaminated with residual magic.
Nothing appears to happen.
The ice beast hits you. The ice beast freezes you!
* * * LOW HITPOINT WARNING * * *
Unknown command.
You hit the ice beast.
You squeeze the ice beast, but do no damage.
The ice beast is almost dead.
The ice beast closely misses you. The ice beast hits you.
* * * LOW HITPOINT WARNING * * *
The ice beast freezes you!
* * * LOW HITPOINT WARNING * * *
You completely miss the ice beast.
The ice beast is almost dead.
The ice beast misses you. The ice beast hits you.
You die...

##########.....#
#........#.....#
#.######.#.....#####
#.####.#.#.....'....
#.##...#.#.....#####
#.##.#.#.#..########
#>##.#.............#
#.##.#.#.#.........#
#.#@)....#..####...#
#.#(Y..#.#.........#
#.#..).#<#..####...#
#.#..#.#............
#.#..#.#.#####.#..##
######.#..#.#.#..........
#......##...#.#.###.#####
###.#####'#..............
#.####........###.###..


You could see an ice beast.

Vanquished Creatures
  An ogre (D:5)
  A gnoll sergeant (D:5)
  An orc priest (D:5)
  2 hounds (D:5)
  2 iguanas (D:5)
  2 orc wizards
  6 gnolls (D:5)
  3 adders
  4 dart slugs
  A ribbon worm (D:3)
  8 orcs
  13 endoplasms
  5 giant cockroaches
  5 goblins
  5 hobgoblins
  A quokka (D:1)
  7 ball pythons
  5 bats
  7 frilled lizards
  12 kobolds
  4 rats
95 creatures vanquished.

Vanquished Creatures (others)
  A kobold (D:3)
1 creature vanquished.

Grand Total: 96 creatures vanquished

Notes
Turn   | Place    | Note
-------+----------+-------------------------------------------
     0 | D:1      | runemasterragnar the Octopode Earth Elementalist began the
                  | quest for the Orb.
     0 | D:1      | Reached XP level 1. HP: 11/11 MP: 3/3
   236 | D:1      | Reached XP level 2. HP: 16/18 MP: 1/5
   557 | D:1      | Reached XP level 3. HP: 14/22 MP: 3/6
   604 | D:1      | Learned a level 3 spell: Stone Arrow
  1353 | D:2      | Reached skill level 1 in Fighting
  1640 | D:2      | Reached XP level 4. HP: 28/28 MP: 7/7
  1755 | D:2      | Found a sacrificial altar of Ru.
  1966 | D:3      | Found a white marble altar of Elyvilon.
  1966 | D:3      | Found a radiant altar of Vehumet.
  1983 | D:3      | Became a worshipper of Vehumet
  2013 | D:3      | Found a shimmering altar of Xom.
  2014 | D:3      | Noticed an angel
  2015 | D:3      | Found a glowing silver altar of Zin.
  2053 | D:3      | Found a transporter.
  2053 | D:3      | Noticed JeszeEnbee's ghost (amateur MfAl)
  2072 | D:3      | You fall into a shaft and drop 1 floor!
  2107 | D:3      | Found a transporter.
  2193 | D:3      | Found an ornate altar of the Wu Jian Council.
  2416 | D:3      | Found an opulent altar of Gozag.
  2448 | D:3      | Reached XP level 5. HP: 33/33 MP: 8/8
  2749 | D:4      | Found a staircase to the Ecumenical Temple.
  2884 | D:4      | Reached * piety under Vehumet
  2884 | D:4      | Offered knowledge of Foxfire by Vehumet.
  3356 | D:5      | Entered Level 5 of the Dungeon
  3448 | D:5      | Learned a level 4 spell: Brom's Barrelling Boulder
  3514 | D:5      | Reached XP level 6. HP: 17/38 MP: 2/9
  4030 | D:5      | Reached XP level 7. HP: 45/45 MP: 8/11
  4540 | D:5      | HP: 1/45 [ice beast (8)]
  4541 | D:5      | Slain by an ice beast

Illustrated notes

Levels and vault maps discovered:
D:1:      lightli_arrival_farm, layout_rooms
D:2:      layout_basic, basic_altar
D:3:      layout_loops_ring, grunt_temple_overflow_order_and_chaos_1,
          grunt_gozag_breadcrumbs, nicolae_wu_jian_wuxing_cycle,
          mainiacjoe_overflow_large_starburst, gammafunk_ghost_arena,
          minmay_misc_feat_square
D:4:      layout_loops_ring, minmay_temple_entry_overgrown
D:5:      layout_basic
D:6:      layout_basic

Skill      XL: |  1  2  3  4  5  6  7 |
---------------+----------------------+-----
Stealth        | 3 4 |  4.3
Conjurations   | 2 3 |  3.6
Fighting       | 1 2 |  2.3
Earth Magic    | 4 |  4.7
Dodging        | 3 |  3.2
Spellcasting   | 3 |  3.0

Action                     |  1- 3 |  4- 6 |  7- 9 || total
---------------------------+-------+-------+-------++-------
  Melee: Unarmed           |    10 |       |       ||    10
         Tentacles         |     6 |     8 |     1 ||    15
         Constrict         |     8 |    10 |     1 ||    19
         Hand axe          |    27 |    45 |     5 ||    77
   Cast: Sandblast         |    26 |    30 |     9 ||    65
         Stone Arrow       |       |     4 |     4 ||     8
    Use: Scroll            |       |    12 |       ||    12
   Stab: Sleeping          |     7 |    11 |       ||    18
         Distracted        |       |     1 |       ||     1
 Armour: Skin              |    20 |    26 |    11 ||    57
  Dodge: Dodged            |    15 |    35 |    14 ||    64

Table legend: (Time is in decaauts)
 A = Elapsed time spent in this place.
 B = Non-inter-level travel time spent in this place.
 C = Inter-level travel time spent in this place.
 D = Time resting spent in this place.
 E = Time spent auto-exploring this place.
 F = Levels seen in this place.
 G = Mean time per level.
                   A        B        C        D        E       F      G
               +--------+--------+--------+--------+--------+-----+--------+
         Total |   4600 |   4431 |    169 |    707 |   3048 |   6 |  766.7 |
       Dungeon |   4600 |   4431 |    169 |    707 |   3048 |   6 |  766.7 |
               +--------+--------+--------+--------+--------+-----+--------+

Top non-repeatable levels by time:
     D:5: 1198 daAuts
     D:2: 998 daAuts
     D:3: 951 daAuts
     D:1: 817 daAuts
     D:4: 623 daAuts
     D:6: 10 daAuts
